 Dungeon Crawl Stone Soup version 0.26-a0-631-ged93497179 (webtiles) character file.

Game seed: 9411711863300549209

39 Colgate the Sneak (level 3, -1/19 HPs)
             Began as a Vampire Enchanter on Sept 13, 2020.
             Slain by Natasha (4 damage)
             ... on level 1 of the Dungeon.
             The game lasted 00:13:33 (1544 turns).

Colgate the Sneak (Vampire Enchanter)               Turns: 1544, Time: 00:13:34

Health: -1/19      AC:  2    Str:  7    XL:     3   Next: 28%
Magic:  0/6        EV: 16    Int: 18    God:
Gold:   73         SH:  0    Dex: 14    Spells: 0/6 levels left

rFire    . . .     SeeInvis +   a - +1 dagger
rCold    + + .     Faith    .   (no shield)
rNeg     + + +     Spirit   .   b - +0 robe
rPois    ∞         Reflect  .   (no helmet)
rElec    .         Harm     .   (no cloak)
rCorr    .         Rampage  .   (no gloves)
MR       .....                  (no boots)
Stlth    +++++.....             (no amulet)
HPRegen  0.00/turn              j - +4 ring of evasion
MPRegen  0.10/turn              (no ring)

@: bloodless, slowed, very slow
A: fangs 3, see invisible, unbreathing
a: Bat Form, Revivify


You were on level 1 of the Dungeon.
You visited 1 branch of the dungeon, and saw 2 of its levels.

You collected 73 gold pieces.

Inventory:

Hand Weapons
 a - a +1 dagger (weapon)
 h - a +0 short sword
Missiles
 c - 32 stones (quivered)
 f - 19 bolts
Armour
 b - a +0 robe (worn)
Jewellery
 j - a +4 ring of evasion (left hand)
Scrolls
 d - 3 scrolls of teleportation {unknown}
 k - a scroll of identify {unknown}
Potions
 e - a potion of berserk rage {unknown}
 g - a potion of degeneration {unknown}
 i - a potion of heal wounds {unknown}
 l - a potion of might {unknown}


   Skills:
 - Level 1.1 Short Blades
 - Level 2.1 Dodging
 + Level 6.3 Stealth
 - Level 2.0 Spellcasting
 - Level 5.0 Hexes


You couldn't memorise any spells.
You knew the following spells:

 Your Spells              Type           Power        Failure   Level
a - Corona                Hex            ###....      2%          1
b - Ensorcelled Hibernat  Hex/Ice        ##....       10%         2
c - Confusing Touch       Hex            ###.....     7%          3

Your spell library contained the following spells:

 Spells                   Type           Power        Failure   Level
 Tukima's Dance           Hex            ###.....     7%          3
 Dazzling Flash           Conj/Hex       ##....       19%         3


Dungeon Overview and Level Annotations

Branches:
Dungeon (2/15)

Altars:

Annotations:
D:1 Natasha


Innate Abilities, Weirdness & Mutations

You do not regenerate when monsters are visible.
You are frail without blood (-20% HP).
You can heal yourself when you bite living creatures.
You are immune to poison.
You have razor-sharp teeth.
You have supernaturally acute eyesight. (SInv)
You can survive without breathing.


Message History

Natasha casts a spell at you.
You feel as though you will be slow longer.
You hit Natasha.
Natasha is moderately wounded.
Natasha misses you. Natasha claws you.
* * * LOW HITPOINT WARNING * * *
You hit Natasha.
Natasha is moderately wounded.
Natasha completely misses you.
Casting: Ensorcelled Hibernation (safe; 10% risk of failure)
Confirm with . or Enter, or press ? or * to list all spells.
Aiming: Ensorcelled Hibernation (safe; 10% risk of failure)
Press: ? - help, Shift-Dir - straight line, f/p - Natasha
Aim: Natasha (moderately wounded, chance to defeat MR: 41%) Natasha resists with some effort.
Natasha misses you. Natasha closely misses you.
You hit Natasha but do no damage.
Natasha is moderately wounded.
Natasha claws you.
You die...

.......#########.#
.......# #.#
.......# #.#
.......# #.#
.......# #.#
.......# #.#
.......# #.#
######.### #h#
.........#######@#
.................#
######...##########
....##...#........#
....###..#.########
....###..#.#
....##..>#.#
....######.# ....#
#.#


You could see Natasha.

Vanquished Creatures
  An adder (D:1)
  2 dart slugs (D:1)
  A giant cockroach (D:1)
  6 goblins
  3 hobgoblins (D:1)
  3 kobolds
  A quokka (D:2)
  2 bats (D:2)
  A frilled lizard (D:2)
  4 rats
24 creatures vanquished.

Notes
Turn   | Place    | Note
-------+----------+-------------------------------------------
     0 | D:1      | Colgate the Vampire Enchanter began the quest for the Orb.
     0 | D:1      | Reached XP level 1. HP: 13/13 MP: 3/3
   290 | D:1      | Reached skill level 5 in Stealth
   613 | D:1      | Reached XP level 2. HP: 15/15 MP: 3/5
   617 | D:1      | Learned a level 2 spell: Ensorcelled Hibernation
   667 | D:1      | Reached skill level 5 in Hexes
  1313 | D:2      | Noticed Natasha
  1316 | D:2      | Noticed a crimson imp
  1365 | D:1      | Reached skill level 6 in Stealth
  1365 | D:1      | Reached XP level 3. HP: 15/19 MP: 1/6
  1370 | D:1      | Learned a level 3 spell: Confusing Touch
  1544 | D:1      | Slain by Natasha

Illustrated notes

Levels and vault maps discovered:
D:1:      dpeg_arrival_long_road, layout_basic, moated_statue,
          minmay_octomino_c4
D:2:      layout_rooms, minmay_circle_x, uniq_natasha

Skill      XL: |  1  2 |
---------------+-------+-----
Stealth        | 5 6 |  6.3
Hexes          | 5 |  5.0
Short Blades   | |  1.1
Dodging        | |  2.1
Spellcasting   | |  2.0

Action                   || total
-------------------------++-------
Melee: Dagger            ||    69
       Bite              ||     4
Throw: Stone             ||     5
 Cast: Corona            ||     4
       Ensorcelled Hiber ||    15
 Abil: Exsanguinate      ||     1
 Stab: Sleeping          ||    12
Armor: Robe              ||     9
Dodge: Dodged            ||    47

Table legend: (Time is in decaauts)
 A = Elapsed time spent in this place.
 B = Non-inter-level travel time spent in this place.
 C = Inter-level travel time spent in this place.
 D = Time resting spent in this place.
 E = Time spent auto-exploring this place.
 F = Levels seen in this place.
 G = Mean time per level.
                   A        B        C        D        E       F      G
               +--------+--------+--------+--------+--------+-----+--------+
         Total |   1551 |   1396 |    155 |     30 |   1088 |   2 |  775.5 |
       Dungeon |   1551 |   1396 |    155 |     30 |   1088 |   2 |  775.5 |
               +--------+--------+--------+--------+--------+-----+--------+

Top non-repeatable levels by time:
     D:1: 1486 daAuts
     D:2: 65 daAuts
